Map: Acid Plant LE

Players

SpeCial

  • Race: Terran Terran
  • Spawn Location: 5:00

Rogue - Winner!

  • Race: Zerg Zerg
  • Spawn Location: 11:00

Event: 2018 WCS Global Finals

VOD

Have the link to the VOD?

Description

Time

  • Played on: Oct. 27, 2018, 2:54 p.m.
  • Length: 14:49

All games in this series

Show
View Real Time Build Order
Export as new Build Order

SpeCial Terran 

Build Orders: Reaper Expand, Hellion Banshee, Mech 

Get SALT Encoding   

  12  0:00  SCV  
  13  0:13  SCV  
  14  0:17  Supply Depot  
  14  0:25  SCV  
  15  0:38  SCV  
  15  0:39  Barracks  
  16  0:43  Refinery  
  16  0:50  SCV  
  17  1:03  SCV  
  18  1:15  SCV  
  19  1:27  Reaper, Orbital Command  
  20  1:40  Command Center  
  20  1:47  Supply Depot  
  20  1:53  SCV  
  21  1:59  Marine  
  22  2:04  Factory  
  22  2:07  SCV  
  23  2:19  SCV  
  23  2:21  Barracks Reactor  
  24  2:31  SCV  
  25  2:37  Command Center  
  25  2:43  SCV  
  26  2:44  Refinery  
  26  2:54  Orbital Command  
  26  2:55  SCV  
  27  3:03  Starport  
  27  3:07  SCV  
  27  3:09  Hellion  
  30  3:15  Hellion  
  30  3:19  SCV, Barracks Tech Lab  
  33  3:21  SCV  
  34  3:31  SCV  
  34  3:33  SCV  
  36  3:36  Hellion  
  36  3:37  Hellion  
  40  3:43  SCV  
  40  3:47  Banshee  
  44  3:48  SCV  
  44  3:50  Refinery  
  44  3:53  Refinery  
  45  3:56  Orbital Command  
  45  3:59  SCV  
  45  4:00  SCV  
  47  4:04  Hellion  
  47  4:07  Hellion  
  47  4:09  Barracks Tech Lab  
  51  4:11  SCV  
  51  4:12  SCV  
  53  4:22  SCV  
  53  4:24  SCV  
  55  4:25  SCV  
  55  4:26  Supply Depot  
  55  4:30  Raven  
  58  4:33  Cyclone  
  58  4:36  Orbital Command  
  61  4:42  Supply Depot  
  61  4:48  Cyclone, SCV x2  
  61  4:50  Supply Depot  
  66  4:54  Armory  
  66  4:58  Engineering Bay  
  66  5:00  SCV x2  
  66  5:01  SCV  
  66  5:06  Supply Depot  
  69  5:12  SCV x2, Hellion  
  69  5:13  SCV  
  74  5:20  Hellion  
  76  5:24  SCV x2  
  76  5:26  SCV  
  79  5:33  Cyclone, Supply Depot  
  81  5:37  Supply Depot  
  81  5:38  Banshee  
  81  5:40  SCV  
  81  5:41  Cyclone  
  83  6:05  Cyclone  
  83  6:06  SCV  
  74  6:12  SCV x2  
  74  6:13  Cyclone  
  74  6:18  SCV  
  66  6:24  SCV x2  
  60  6:30  SCV  
  61  6:36  SCV x2  
  61  6:39  Terran Vehicle Weapons Level 1, Factory  
  63  6:41  Factory  
  63  6:42  SCV  
  62  6:47  Hellion  
  62  6:48  Hellion, SCV x2  
  62  6:54  Starport Reactor, SCV  
  68  6:58  Barracks Tech Lab  
  68  7:00  SCV x2  
  71  7:06  SCV  
  68  7:09  Hellion x2  
  68  7:12  SCV  
  68  7:13  SCV  
  74  7:18  SCV  
  74  7:21  Terran Infantry Weapons Level 1  
  75  7:25  SCV x2  
  77  7:30  SCV  
  76  7:37  SCV x2  
  76  7:43  SCV, Siege Tank x2  
  83  7:49  SCV x2  
  85  7:51  Stimpack  
  85  7:55  SCV  
  86  8:01  SCV x2  
  86  8:02  Hellion  
  86  8:03  Supply Depot  
  86  8:04  Hellion  
  92  8:07  SCV  
  92  8:11  Marine  
  94  8:13  SCV x2, Engineering Bay  
  94  8:16  Siege Tank  
  94  8:19  Barracks, SCV  
  100  8:20  Siege Tank  
  100  8:22  Starport Reactor  
  100  8:25  SCV x2  
  105  8:29  Barracks  
  105  8:31  Refinery  
  105  8:32  Refinery  
  105  8:33  SCV  
  106  8:35  Marine  
  106  8:38  SCV  
  106  8:40  Barracks  
  109  8:41  SCV  
  109  8:42  Barracks  
  109  8:48  SCV, Siege Tank  
  112  8:50  SCV  
  112  8:51  Terran Infantry Armor Level 1  
  112  8:52  Missile Turret, Marine, Supply Depot  
  112  8:55  SCV  
  116  9:01  Supply Depot  
  116  9:07  Marine, Supply Depot x2  
  117  9:13  Marine x2, SCV x2, Siege Tank  
  117  9:16  Factory Tech Lab  
  124  9:17  Barracks Tech Lab  
  124  9:21  Medivac  
  124  9:23  Medivac  
  126  9:24  Marine  
  126  9:29  Siege Tank  
  126  9:31  Marine  
  125  9:32  Marine  
  125  9:33  SCV x2  
  125  9:37  SCV  
  125  9:38  Supply Depot  
  126  9:42  Marine  
  127  9:46  Missile Turret, Hellion x6, Siege Tank  
  127  9:51  Marine x2, Medivac, Hellion x2  
  127  9:52  Marine  
  135  9:53  Medivac  
  135  9:56  SCV x2  
  139  10:02  Marine  
  139  10:03  Barracks Reactor  
  140  10:09  Marine x2  
  140  10:13  Supply Depot  
  142  10:15  Marine  
  142  10:19  Marine  
  142  10:26  Siege Tank  
  142  10:27  Marine x2  
  142  10:28  Medivac  
  141  10:29  Marine, Medivac  
  141  10:30  Marine  
  141  10:33  Marine  
  141  10:35  Supply Depot  
  141  10:37  Marine  
  141  10:38  SCV x2  
  141  10:41  Siege Tank  
  147  10:44  Siege Tank  
  147  10:45  Marine x2  
  147  10:46  Marine  
  147  10:47  Marine x2  
  155  10:50  Marine  
  155  10:51  Marine  
  155  10:55  Marine  
  152  10:58  Medivac  
  152  10:59  Combat Shield  
  152  11:03  Marine x2  
  156  11:04  Marine  
  156  11:05  Marine x2  
  156  11:08  Marine, Supply Depot, Siege Tank  
  163  11:16  Siege Tank  
  166  11:18  Marine  
  166  11:20  Medivac  
  166  11:21  Marine  
  166  11:23  Marine x2  
  160  11:28  Medivac  
  160  11:29  Marine  
  160  11:31  Marine, Siege Tank  
  166  11:35  Marine  
  166  11:38  Marine  
  152  11:45  Marine  
  152  11:46  Marine x2  
  155  11:47  Siege Tank  
  155  11:49  Marine  
  155  11:50  Medivac  
  155  11:51  Marine x2  
  160  11:56  Supply Depot  
  160  11:57  Marine  
  160  11:59  Marine  
  162  12:02  Siege Tank  
  153  12:10  Marine  
  153  12:12  Marine x2, Siege Tank  
  133  12:17  Marine x2  
  133  12:18  Marine x2  
  133  12:19  Marine, SCV x2  
  112  12:25  SCV  
  112  12:28  Marine  
  110  12:30  Marine x2  
  110  12:35  Marine x2  
  110  12:36  Marine  
  114  12:38  SCV x2  
  114  12:42  SCV  
  116  12:48  Siege Tank  
  116  12:49  Marine x2  
  116  12:50  SCV  
  114  12:54  SCV x2  
  116  13:06  Marine x2  
  116  13:11  Marine x3  
  102  13:14  Siege Tank  
  102  13:16  Marine x3  
  95  13:24  Marine x2  
  95  13:26  SCV x3  
  100  13:29  Marine x2  
  100  13:30  Marine  
  100  13:34  Marine x3  
  103  13:36  Siege Tank  
  108  13:42  Marine x2  
  108  13:46  Missile Turret  
  108  13:47  Marine x2  
  108  13:48  Marine  
  112  13:52  Marine  
  112  13:54  Marine  
  114  13:56  Orbital Command  
  114  14:02  Siege Tank  
  104  14:03  SCV  
  104  14:05  Marine  
  104  14:06  Marine  
  104  14:07  Marine x2  
  104  14:08  Marine  
  96  14:12  Marine x2  
  96  14:17  Marine  
  96  14:23  Marine  
  98  14:24  Marine  
  98  14:26  Marine x3  
  98  14:30  Marine x2  
  103  14:35  SCV x3  
Show
View Real Time Build Order
Export as new Build Order

Rogue Zerg - Winner!

Build Orders: Hatch First, Swarm Host 

Get SALT Encoding   

  12  0:00  Drone  
  13  0:12  Overlord  
  13  0:17  Drone  
  14  0:30  Drone  
  14  0:31  Drone  
  16  0:47  Hatchery  
  15  0:51  Drone  
  15  0:54  Drone  
  17  0:58  Drone  
  18  1:09  Extractor  
  17  1:13  Spawning Pool  
  17  1:17  Drone  
  17  1:20  Drone  
  18  1:29  Drone  
  19  1:38  Overlord  
  19  1:49  Drone  
  20  2:00  Queen x2  
  20  2:01  Zergling x4  
  26  2:12  Drone x2  
  26  2:13  Metabolic Boost  
  28  2:24  Drone x2  
  30  2:36  Hatchery  
  29  2:40  Drone x2  
  31  2:48  Queen  
  33  2:56  Overlord  
  33  2:58  Drone x2  
  35  2:59  Drone  
  36  3:15  Drone x4  
  36  3:16  Drone x2  
  36  3:18  Overlord  
  42  3:24  Drone x2  
  44  3:40  Drone x3  
  47  3:41  Drone x2  
  47  3:42  Queen  
  47  3:48  Drone, Lair  
  51  3:49  Drone  
  51  3:53  Roach Warren  
  51  3:55  Queen  
  54  3:58  Overlord  
  54  4:00  Zergling x2  
  54  4:01  Zergling x2  
  55  4:04  Drone, Extractor x2  
  54  4:10  Overlord  
  54  4:14  Zergling x6  
  57  4:19  Queen  
  59  4:29  Spore Crawler  
  59  4:30  Drone  
  59  4:31  Pneumatized Carapace  
  59  4:34  Overlord x2  
  59  4:44  Roach x5  
  69  4:51  Roach x2  
  73  4:56  Roach  
  75  5:05  Roach x3  
  81  5:11  Zergling x6  
  81  5:12  Zergling x2  
  85  5:14  Queen  
  85  5:20  Zergling x2  
  87  5:26  Overlord  
  87  5:27  Zergling x2  
  88  5:33  Zergling x2  
  88  5:34  Zergling x2  
  88  5:35  Overlord  
  90  5:41  Overlord, Ravager  
  90  5:45  Zergling x14  
  90  5:46  Zergling x2  
  98  5:50  Overlord, Ravager  
  98  5:53  Zergling x4  
  98  5:55  Ravager x3  
  98  5:56  Zergling x2  
  98  5:57  Zergling x2  
  103  5:58  Zergling x2  
  102  6:09  Zergling x10  
  96  6:15  Zergling x4  
  80  6:25  Roach x5  
  79  6:33  Roach x3  
  79  6:34  Roach  
  79  6:35  Roach  
  89  6:41  Roach  
  91  6:47  Roach  
  91  6:48  Roach  
  91  6:49  Roach  
  91  6:52  Roach  
  91  6:53  Roach  
  98  7:03  Drone  
  98  7:04  Drone x7  
  98  7:08  Drone  
  98  7:15  Drone  
  98  7:16  Drone x2  
  98  7:20  Drone x3, Glial Reconstitution  
  104  7:27  Drone x3  
  107  7:30  Drone  
  102  7:38  Roach  
  102  7:39  Drone x3  
  102  7:40  Spore Crawler  
  102  7:41  Extractor x2  
  102  7:43  Drone  
  102  7:44  Drone x3  
  105  7:45  Drone x2  
  105  7:46  Drone  
  105  7:49  Evolution Chamber  
  107  7:51  Evolution Chamber  
  107  7:52  Overseer  
  107  7:56  Burrow  
  106  8:00  Roach x2  
  106  8:01  Roach  
  106  8:04  Overlord  
  112  8:07  Extractor  
  112  8:10  Overlord x2  
  111  8:19  Zerg Ground Armor Level 1, Zerg Missile Weapons Level 1  
  111  8:21  Infestation Pit  
  111  8:26  Overlord  
  110  8:38  Hatchery  
  109  8:41  Overlord  
  109  8:42  Overlord  
  109  8:53  Overseer  
  109  9:00  Swarm Host x9  
  136  9:03  Drone  
  136  9:04  Drone x5, Extractor  
  136  9:07  Extractor  
  136  9:09  Swarm Host  
  140  9:15  Tunneling Claws  
  140  9:16  Overlord  
  143  9:23  Swarm Host x2  
  149  9:25  Overlord x3  
  149  9:30  Overlord  
  149  9:42  Overlord x2  
  141  9:45  Swarm Host x2  
  141  9:46  Swarm Host x2  
  141  9:48  Roach x3  
  159  9:56  Queen  
  161  10:03  Roach x5  
  161  10:06  Drone  
  172  10:11  Roach x11  
  172  10:16  Roach x6  
  172  10:17  Roach x2  
  172  10:18  Roach x11  
  172  10:21  Baneling Nest  
  179  10:23  Roach x2  
  179  10:28  Queen x4  
  179  10:29  Roach x9  
  179  10:33  Ravager x4  
  179  10:34  Roach x5  
  193  10:42  Roach x3  
  189  10:54  Ravager x3  
  189  10:55  Roach x8  
  200  11:06  Overlord  
  197  11:13  Overlord  
  190  11:20  Roach, Overlord  
  192  11:25  Roach  
  192  11:26  Roach x4  
  192  11:30  Overlord  
  194  11:43  Ravager  
  195  11:47  Zerg Ground Armor Level 2  
  195  11:48  Zerg Missile Weapons Level 2  
  195  11:54  Roach  
  195  11:55  Roach  
  195  11:57  Roach  
  199  12:07  Roach x2  
  197  12:09  Roach  
  197  12:10  Roach  
  188  12:17  Roach x7  
  188  12:18  Roach  
  188  12:20  Roach x2  
  188  12:21  Roach x5  
  190  12:29  Roach x2  
  181  12:47  Ravager x3  
  182  13:00  Roach x6  
  194  13:08  Hatchery  
  175  13:15  Roach x5  
  175  13:17  Roach  
  159  13:29  Roach x4  
  165  13:40  Roach  
  165  13:41  Roach x4  
  173  13:44  Drone x2  
  173  13:47  Ravager  
  173  13:48  Ravager x2  
  178  13:52  Ravager x2  
  178  13:53  Ravager  
  178  13:54  Ravager x4  
  178  14:07  Roach x4  
  179  14:17  Roach x4  
  179  14:22  Roach, Ravager x5  
  190  14:27  Drone x3  
Tags
 
Add a new tag
Caveats
  • Supply blocks, unpowered buildings, or Contaminate may cause inaccurate times.
  • Supply counts are checked every 10 seconds.